 Dungeon Crawl Stone Soup version 0.29.1-1-gd02db6906a (webtiles) character file.

Game seed: 246935069120565595

118 avis the Shooter (level 4, -2/37 HPs)
             Began as a Demigod Hunter on Sept 21, 2022.
             Killed from afar by Ijyb (21 damage)
             ... with a bolt of light
             ... on level 3 of the Dungeon on Sept 22, 2022.
             The game lasted 00:10:55 (2598 turns).

avis the Shooter (Demigod Hunter)                   Turns: 2598, Time: 00:10:55

Health: -2/37      AC:  7    Str: 12    XL:     4   Next: 45%
Magic:  6/6        EV: 12    Int: 11    God:
Gold:   38         SH:  0    Dex: 21    Spells: 3/3 levels left

rFire   . . .      SeeInvis .   a - +0 shortbow
rCold   . . .      Faith    .   (shield currently unavailable)
rNeg    + . .      Spirit   .   c - +0 leather armour
rPois   .          Reflect  .   (no helmet)
rElec   .          Harm     .   (no cloak)
rCorr   .          Rampage  .   (no gloves)
Will    .....                   (no boots)
Stlth   ++........              k - amulet of the acrobat
HPRegen 0.12/turn               s - ring of positive energy
MPRegen 0.10/turn               t - +4 ring of protection

@: no status effects
A: high MP 1, forlorn, divine attributes
a: no special abilities


You were on level 3 of the Dungeon.
You visited 1 branch of the dungeon, and saw 3 of its levels.

You collected 38 gold pieces.

Inventory:

Hand Weapons
 a - a +0 shortbow (weapon)
 b - a +2 dagger of holy wrath
 f - a +0 sling
Armour
 c - a +0 leather armour (worn)
Jewellery
 k - an amulet of the acrobat (around neck)
 s - a ring of positive energy (left hand)
 t - a +4 ring of protection (right hand)
Wands
 r - a wand of paralysis (8)
Scrolls
 d - a scroll of poison {unknown}
 e - 3 scrolls of identify {unknown}
 g - 2 scrolls of amnesia {unknown}
 l - a scroll of immolation
 m - a scroll of torment {unknown}
 o - 3 scrolls of noise {unknown}
 q - 3 scrolls of fear {unknown}
 v - a scroll of teleportation {unknown}
Potions
 h - a potion of mutation {unknown}
 i - a potion of magic {unknown}
 j - a potion of attraction {unknown}
 n - 3 potions of curing
 p - a potion of berserk rage {unknown}
 u - a potion of might {unknown}


   Skills:
 + Level 2.9 Fighting
 * Level 5.0 Ranged Weapons
 - Level 1.7 Dodging
 - Level 0.8 Stealth


You had 3 spell levels left.
You didn't know any spells.
Your spell library contained the following spells:

 Spells                   Type           Power      Damage    Failure   Level
 Ensorcelled Hibernation  Hex/Ice        0%         N/A       56%         2
 Passwall                 Tmut/Erth      0%         N/A       56%         2
 Swiftness                Air            0%         N/A       80%         3
 Dispersal                Tloc           0%         N/A       100%        6
 Disjunction              Tloc           0%         N/A       100%        8


Dungeon Overview and Level Annotations

Branches:
Dungeon (3/15)

Annotations:
D:3 Ijyb


Innate Abilities, Weirdness & Mutations

You have an increased reservoir of magic. (+10% MP)
You shall have no god before yourself.
Your divine heritage dramatically boosts your attributes as you level up.


Message History

The orc hits you but does no damage.
Ijyb screams, "No!
No, no, no, no!"
Ijyb zaps a wand.
The bolt of light hits the orc!
The orc dies!
The bolt of light hits you!!
You are confused.
Non-targeted confused fire: a) +0 shortbow
Press: ? - help, Q - select action, (/) - cycle Dir - look around, f - activate Look: Ijyb, wielding a +0 club, wearing a +0 scale mail and carrying a wand of light (4)
You shoot an arrow.
Ijyb grins evilly.
You feel better.
Fire: a) +0 shortbow
Press: ? - help, Q - select action, (/) - cycle Shift-Dir - straight line, f/p - Ijyb
Aim: Ijyb, wielding a +0 club, wearing a +0 scale mail and carrying a wand of light (4) (62% to hit)
You shoot an arrow. The arrow hits Ijyb!
Ijyb is moderately wounded.
Fire: a) +0 shortbow
Press: ? - help, Q - select action, (/) - cycle Shift-Dir - straight line, f/p - Ijyb
Aim: Ijyb, wielding a +0 club, wearing a +0 scale mail and carrying a wand of light (4) (moderately wounded, 62% to hit)
You shoot an arrow. The arrow hits Ijyb but does no damage.
Ijyb is moderately wounded.
Fire: a) +0 shortbow
Press: ? - help, Q - select action, (/) - cycle Shift-Dir - straight line, f/p - Ijyb
Aim: Ijyb, wielding a +0 club, wearing a +0 scale mail and carrying a wand of light (4) (moderately wounded, 62% to hit)
You shoot an arrow. The arrow hits Ijyb.
Ijyb is moderately wounded.
Ijyb hits you with a +0 club.
Ijyb zaps a wand.
The bolt of light misses you.
Fire: a) +0 shortbow
Press: ? - help, Q - select action, (/) - cycle Shift-Dir - straight line, f/p - Ijyb
Aim: Ijyb, wielding a +0 club, wearing a +0 scale mail and carrying a wand of light (3) (moderately wounded, 62% to hit)
You shoot an arrow. The arrow closely misses Ijyb.
Ijyb hits you but does no damage.
Fire: a) +0 shortbow
Press: ? - help, Q - select action, (/) - cycle Shift-Dir - straight line, f/p - Ijyb
Aim: Ijyb, wielding a +0 club, wearing a +0 scale mail and carrying a wand of light (3) (moderately wounded, 62% to hit)
You shoot an arrow. The arrow barely misses Ijyb.
Ijyb zaps a wand.
The bolt of light hits you!!
Ouch! That really hurt!
You die...

..#..............>......######...
.....<# .............#≈≈≈≈#.#.
#.###.# . ..##.........#≈.>≈#...
#.. .....#......##.#≈_⌠≈#.## #...
.....#####.....# ≈≈≈#... ##...
...#####.###.####'#.#.
.#...##.#.....<............
.###..........####.#.###### .#
####.#@#######.#.######
######'#g..........##....
......))########.........
........'.#######........
........#.......+........
........##....###...#....
........##....###...#....
........##.....######....
.....#####.....######....


You could see Ijyb.

Vanquished Creatures
  3 adders
  2 worms (D:2)
  2 dart slugs (D:2)
  4 orcs (D:3)
  6 ball pythons
  6 bats
  4 endoplasms
  A giant cockroach (D:2)
  6 goblins
  6 hobgoblins
  3 quokkas
  5 frilled lizards
  3 kobolds
  5 rats
56 creatures vanquished.

Vanquished Creatures (others)
  An orc wizard (D:3)
  2 orcs (D:3)
  A withered plant (D:3)
4 creatures vanquished.

Grand Total: 60 creatures vanquished

Notes
Turn   | Place    | Note
-------+----------+-------------------------------------------
     0 | D:1      | avis the Demigod Hunter began the quest for the Orb.
     0 | D:1      | Reached XP level 1. HP: 17/17 MP: 3/3
   221 | D:1      | Reached XP level 2. HP: 21/24 MP: 4/4
   257 | D:1      | Reached skill level 4 in Ranged Weapons
  1204 | D:2      | Reached XP level 3. HP: 30/30 MP: 5/5
  2321 | D:3      | Reached XP level 4. HP: 37/37 MP: 6/6
  2572 | D:3      | Noticed Ijyb
  2589 | D:3      | Reached skill level 5 in Ranged Weapons
  2598 | D:3      | Killed from afar by Ijyb

Illustrated notes

Levels and vault maps discovered:
D:1:      dpeg_arrival_lava_temple_mockup, layout_loops_ring, chequers_arboretum
D:2:      wad_crossroads, layout_basic, minmay_between
D:3:      layout_basic, general_overflow_altar, shapermc_ecumenical_altar_gd,
          uniq_natasha, uniq_ijyb

Skill      XL: |  1  2  3  4 |
---------------+-------------+-----
Fighting       | 2 |  2.9
Ranged Weapons | 4 5 |  5.0
Dodging        | |  1.7
Stealth        | |  0.8

Action                   |  1- 3 |  4- 6 || total
-------------------------+-------+-------++-------
Melee: Dagger            |    16 |     1 ||    17
 Fire: Shortbow          |   128 |    33 ||   161
  Use: Potion            |       |     2 ||     2
Armor: Leather armour    |    15 |     8 ||    23
Dodge: Dodged            |    50 |     6 ||    56
